[Event "67th Mexican-ch Open 2022"]
[Site "Chihuahua"]
[Date "2022.04.16"]
[Round "6.22"]
[White "Lopez Raygoza, Luis Alberto"]
[Black "Almendarez Verdin, Manuel Adan"]
[Result "1-0"]
[ECO "C01"]
[WhiteElo "2207"]
[BlackElo "1662"]
[Annotator "TA"]
[PlyCount "111"]
[EventDate "2022.04.12"]
[EventType "swiss"]
[EventCountry "MEX"]
[SourceTitle "playchess.com"]
[Source "ChessBase"]
[SourceQuality "1"]
[TimeControl "5400+30"]

1. e4 e6 2. d4 d5 3. Bd3 dxe4 4. Bxe4 Nf6 5. Bf3 c5 6. Ne2 Nc6 {[%emt 0:00:47][%cal Rc5d4] C01: French: Exchange Variation.} 7. Be3 cxd4 8. Nxd4 Nxd4 {[%emt 0:00:18] The position is equal.} 9. Qxd4 Qxd4 10. Bxd4 Be7 11. Nc3 O-O 12. O-O-O Nd7 {[%emt 0:06:43] [#]} 13. Nb5 $146 ({Predecessor:} 13. Rhe1 Bf6 14. Re4 Bxd4 15. Rexd4 Ne5 16. Be2 b6 17. f4 Nc6 18. Rd6 Na5 19. b4 {0-1 (62) Noordhoek,H (2004)-Ford,C (1781) Caleta 2017}) 13... Bc5 14. Bxc5 {[%emt 0:03:18] 0x0.001e7f237ef4dp-1022s more active pieces. The black rooks are badly placed.} Nxc5 15. b4 Nd7 16. Rhe1 $1 {[%emt 0:01:25] Prevents Ne5.} a5 17. Nd6 Nf6 18. b5 Rb8 19. b6 Ra8 (19... Bd7 $142 20. Re3 (20. Bxb7 Ne8 $14) (20. Nxb7 Bc8 $16) 20... Nd5) 20. g4 (20. Nxb7 Bxb7 21. Bxb7 Rab8 $14) 20... Nd5 (20... h6 $142 21. c4 (21. Bxb7 Bxb7 22. Nxb7 Rfb8 $15) 21... Rd8) 21. Bxd5 $18 exd5 22. Nxc8 ({But not} 22. Rxd5 Bxg4 23. Re7 (23. Nxb7 Bf3 $11) 23... Bf3) 22... Raxc8 (22... Rfxc8 $16 23. Re7 (23. Rxd5 Rc6 $16) 23... Kf8 24. Rxb7 Rcb8 25. Rxb8+ (25. Ra7 Rxa7 26. bxa7 Ra8 $16) 25... Rxb8 26. Rxd5 Rxb6 27. Rxa5 Rh6 28. Ra8+ Ke7 29. Ra7+ Ke8) 23. Rxd5 {[%emt 0:00:09][%mdl 4096] Endgame KRR-KRR} (23. Re7 $18) 23... Rc6 $16 24. Rxa5 {[%emt 0:00:30] Hoping for Rb5.} Rxb6 25. Re7 Rf6 26. Rf5 Ra6 27. Rxb7 Rxa2 28. Kb1 Ra4 29. f3 g6 30. Rfb5 Rf4 31. Rb3 Kg7 32. R7b4 Rf6 33. Rb6 (33. c4 $16) 33... Rf4 34. Kc1 Rd8 (34... Re8 $11) 35. R6b4 $1 $14 Rf6 36. Re4 Rfd6 37. Re2 Ra8 38. Rd3 (38. c4 $14) 38... Rc6 39. Kd2 Ra2 40. Rc3 Rxc3 (40... Rd6+ $11 41. Ke1 h5) 41. Kxc3 $11 {[%emt 0:00:05] KR-KR} Ra3+ (41... Ra8 $16 {keeps fighting.}) 42. Kd4 $18 {[%emt 0:05:50] Black must now prevent c4.} Rxf3 43. c4 $1 {[%emt 0:00:02][%cal Bc2c4,Bc4c5,Bc5c6,Bc6c7][%mdl 32] aiming for c5.} Rf4+ {[%emt 0:03:04] [#]} (43... Rf1 $16 {was called for.}) 44. Kd5 $1 {[%emt 0:00:05] c5 is the strong threat.} ({Less strong is} 44. Re4 Rf2 $14) 44... Rxg4 $2 (44... Rf1 45. c5 Rd1+ 46. Kc6 Kf6) 45. c5 {[%emt 0:00:04] And now c6 would win.} Rg1 46. Rc2 $2 (46. c6 $18 {and the rest is easy.}) 46... Rd1+ $2 {[%emt 0:03:21] [#]} (46... Kf6 $16) 47. Ke5 $1 {[%emt 0:00:16] Strongly threatening c6.} Kf8 48. c6 {[%emt 0:37:28] Intending c7 and mate.} Rd8 $2 {[%emt 0:01:07] Loses the game.} (48... Re1+ $16 49. Kd6 Rd1+ 50. Kc7 Ke7) 49. c7 {[%emt 0:00:00] White mates.} Rc8 50. Kd6 f5 51. Kd7 Rxc7+ 52. Rxc7 Kf7 53. Kd6+ Kf6 54. Rxh7 f4 55. Kd5 Kf5 56. Rf7+ {[%emt 0:00:00] Weighted Error Value: White=0.25 (precise) /Black=0.42} 1-0

[Event "67th Mexican-ch Open 2022"]
[Site "Chihuahua"]
[Date "2022.04.16"]
[Round "6.23"]
[White "Guerrero Cataldo, Juan Andres"]
[Black "Rosales Campos, Paul"]
[Result "1-0"]
[ECO "E04"]
[WhiteElo "1976"]
[BlackElo "2039"]
[Annotator "TA"]
[PlyCount "113"]
[EventDate "2022.04.12"]
[EventType "swiss"]
[EventCountry "MEX"]
[SourceTitle "playchess.com"]
[Source "ChessBase"]
[SourceQuality "1"]
[TimeControl "5400+30"]

1. Nf3 {[%emt 0:00:07] Bulletin} e6 2. g3 Nf6 3. Bg2 d5 4. c4 c5 5. O-O Nc6 6. d4 dxc4 7. Ne5 Bd7 8. Nxd7 {[%emt 0:17:07] E04: Open Catalan: 5 Nf3.} Qxd7 9. dxc5 Bxc5 10. Qa4 {[%emt 0:04:42] The position is equal.} Rc8 11. Nc3 {[%emt 0:07:22] [#]} h6 $146 (11... Nd8 $11) ({Predecessor:} 11... Nd4 12. Qxd7+ Nxd7 13. Bxb7 Rb8 14. Ba6 Bb4 15. Bxc4 Bxc3 16. bxc3 Nc2 17. Bf4 e5 {0-1 (40) Hirn,O-Keller,M (2225) Bayern 1995 EXT 1999 [Bulletin]}) 12. Bf4 (12. Rd1 $14 {was preferrable.} Qe7 13. Qxc4) 12... O-O $11 13. Rad1 Qe7 14. Qxc4 e5 15. Bc1 a6 (15... Nd4 $11 {is superior.}) 16. e3 b5 17. Qe2 Qe6 18. Nd5 Nxd5 19. Bxd5 Qg6 20. a3 {[%emt 0:00:55] Inhibits Nb4.} (20. Bg2 $5 ) 20... Kh8 (20... e4 $14) 21. b4 $16 Ba7 22. Qf3 f5 23. Bb2 e4 24. Qe2 Bb8 25. Rc1 Ne7 {[%emt 0:00:36] White now steadily converts the win.} 26. Bb3 Rcd8 (26... Rce8 $14) 27. Rfd1 Bd6 (27... Kh7 $16) 28. Rd2 $18 Rde8 (28... Bb8 $142 29. Rcd1 Rd6 30. Rxd6 Bxd6) 29. Rcd1 Nc8 30. Bd5 {[%emt 0:00:55] A strong pair of Bishops.} (30. h4 $18 Be5 31. Bxe5 Rxe5 32. Rd7) 30... Re7 (30... Nb6 $16 {was worth a try.}) 31. Rc2 f4 $2 {[%emt 0:00:47] [#]} (31... Nb6 $16 {keeps fighting.} 32. Rc6 Nxd5) 32. exf4 e3 33. Rc6 {[%emt 0:01:37][%cal Bc2c6,Bc6h6,Bh6a6,Ba6d6][%mdl 32] Against Nb6} ({Less strong is} 33. fxe3 Bxf4 34. Rd3 (34. Rc6 Bxe3+ 35. Qxe3 Qxc6 $16) 34... Be5 35. Bxe5 Rxe5 $18) 33... exf2+ (33... Rc7 $142 34. fxe3 Rxc6) 34. Qxf2 Qf5 35. Bg2 Rd8 36. Be5 Bc7 $2 (36... Red7 37. Bd4 Bc7 38. Rxc7 Rxc7) 37. Rxd8+ Bxd8 38. Rxh6+ Kg8 39. Bd5+ Rf7 40. Rxa6 Ne7 41. Be6 Qb1+ 42. Qf1 Qe4 43. Qxb5 {[%emt 0:05:25] [#] Strongly threatening Rd6.} Kf8 44. Bxf7 Kxf7 45. Rd6 ({Stronger than} 45. Qd7 Qe1+ 46. Kg2 Qe2+ 47. Kh3 Qh5+ 48. Kg2 Qe2+ 49. Kg1 Qe1+ 50. Kg2 Qe2+ $11) 45... Qe1+ 46. Kg2 {[%emt 0:01:24] Threatening mate with Qc4+.} Qe4+ 47. Kf2 Qc2+ 48. Qe2 Qc8 49. Qh5+ {[%emt 0:00:27] White mates.} Kg8 50. Qe8+ Kh7 51. Qxd8 Qh3 52. Qxe7 Qxh2+ 53. Ke3 Qxg3+ 54. Kd4 Qf2+ 55. Kc4 Qe2+ 56. Kb3 Qe3+ 57. Ka4 {[%emt 0:00:18] Weighted Error Value: White=0.24 (precise) /Black=0.37} 1-0

[Event "67th Mexican-ch Open 2022"]
[Site "Chihuahua"]
[Date "2022.04.16"]
[Round "6.24"]
[White "Diaz Guerrero, Jesus Daniel"]
[Black "Paredes Guzman, Francisco Javier"]
[Result "1/2-1/2"]
[ECO "B92"]
[WhiteElo "1518"]
[BlackElo "1891"]
[Annotator "NA RC"]
[PlyCount "50"]
[EventDate "2022.04.12"]
[EventType "swiss"]
[EventCountry "MEX"]
[SourceTitle "playchess.com"]
[Source "ChessBase"]
[SourceQuality "1"]
[TimeControl "5400+30"]

1. e4 c5 2. Nf3 d6 3. d4 cxd4 4. Nxd4 Nf6 5. Nc3 a6 6. Be2 e5 7. Nb3 Be6 8. f4 exf4 9. Bxf4 Be7 10. Qd3 Nc6 11. O-O-O Ne5 12. Qg3 Qc7 13. Bxe5 dxe5 14. Nd5 Nxd5 15. exd5 Bf5 16. Bd3 Bxd3 17. Qxd3 Bd6 18. Nd2 O-O 19. Rhf1 Rad8 20. g4 f6 21. Ne4 Qe7 22. Rf3 Rf7 23. Rdf1 Rdf8 24. R3f2 g6 25. h4 f5 1/2-1/2

[Event "67th Mexican-ch Open 2022"]
[Site "Chihuahua"]
[Date "2022.04.16"]
[Round "6.25"]
[White "Ramirez Toledo, Ayleen Maribel"]
[Black "Avila Fraire, Ameyalli"]
[Result "1/2-1/2"]
[ECO "A04"]
[WhiteElo "1810"]
[BlackElo "1955"]
[Annotator "TA"]
[PlyCount "56"]
[EventDate "2022.04.12"]
[EventType "swiss"]
[EventCountry "MEX"]
[SourceTitle "playchess.com"]
[Source "ChessBase"]
[SourceQuality "1"]
[TimeControl "5400+30"]

1. Nf3 c5 2. g3 Nc6 3. d4 cxd4 4. Nxd4 e5 5. Nxc6 dxc6 6. Qxd8+ {[%emt 0:01:51] A04: Unusual lines after 1 Nf3 and King's Indian Attack.} Kxd8 7. Bg2 Nf6 8. O-O {[%emt 0:00:44][%cal Bh1f1,Bf1d1,Bd1d2][%mdl 32] The position is equal.} Kc7 9. c4 {[%emt 0:01:38] [#]} Bc5 $146 ({Predecessor:} 9... Be6 10. b3 Nd7 11. Bb2 f6 12. Nc3 h5 13. Ne4 h4 14. Rfd1 hxg3 15. hxg3 a5 {0-1 (31) Vinokur,L (1684)-Ashrafzianov,I (2004) Pardubice 2018}) 10. Nc3 Be6 11. b3 Nd7 12. Bb2 f6 13. Rfd1 a5 14. Na4 {[%emt 0:05:29][%cal Od1d7] [#] Threatens to win with Rxd7+!} Be7 15. Rd2 Rhd8 16. Rad1 Bb4 17. Bc3 Bxc3 18. Nxc3 Nc5 19. Rxd8 Rxd8 20. Rxd8 Kxd8 $11 {[%emt 0:00:04][%mdl 4096] Endgame KBN-KBN} 21. Kf1 Kc7 22. Ke1 Kd6 23. Kd2 Bf5 24. Ke3 Bc2 25. Kd2 Bf5 26. Ke3 Bc2 27. Kd2 Bf5 28. Ke3 e4 $2 {[%emt 0:17:11] Weighted Error Value: White=0.09 (flawless) /Black=0.12 (very precise)} ({Black should play} 28... h6 $11) 1/2-1/2

[Event "67th Mexican-ch Open 2022"]
[Site "Chihuahua"]
[Date "2022.04.16"]
[Round "6.26"]
[White "Guillen Cristobal, Sandra N"]
[Black "Mora Velasco, Alma Jaqueline"]
[Result "1-0"]
[ECO "B01"]
[WhiteElo "1933"]
[BlackElo "1780"]
[Annotator "TA"]
[PlyCount "99"]
[EventDate "2022.04.12"]
[EventType "swiss"]
[EventCountry "MEX"]
[SourceTitle "playchess.com"]
[Source "ChessBase"]
[SourceQuality "1"]
[TimeControl "5400+30"]

1. e4 d5 2. exd5 Qxd5 3. Nc3 Qa5 4. Nf3 Nf6 5. Bc4 g6 6. O-O {[%emt 0:00:16] B01: Scandinavian Defence.} Bg7 7. d4 O-O 8. Qe2 {[%emt 0:01:42] [#] White is slightly better.} Bg4 $146 ({Predecessor:} 8... e6 9. Be3 c6 10. Rfd1 b5 11. Bd3 Nbd7 12. Ne5 Bb7 13. f4 Rfd8 14. g4 Qc7 {1-0 (58) Algunerhan,S (1688)-Guven,O (1889) Canakkale 2016}) 9. h3 Bxf3 10. Qxf3 Nc6 11. Be3 Qb4 12. Bb3 e5 (12... Nxd4 $11 13. Bxd4 Qxd4) 13. dxe5 Nxe5 14. Qe2 Qe7 15. Rfe1 Nc6 {[%emt 0:02:50] Loses the game.} (15... Rfe8 $16) 16. Qb5 $18 {[%emt 0:00:19] aiming for Bc5.} Rfe8 17. Qxb7 Na5 18. Qb5 Qe5 (18... Nxb3 $142 19. axb3 Ne4) 19. Qxe5 Rxe5 20. Bf4 {[%emt 0:00:43] This bishop pair is nice.} Rxe1+ 21. Rxe1 c5 22. Re7 $36 {[%emt 0:01:35][%mdl 2048] White is on the roll.} Nxb3 23. axb3 a6 24. Rc7 Bf8 25. Be3 Rd8 26. Bxc5 Bxc5 27. Rxc5 {[%emt 0:00:10][%mdl 4096] Endgame KRN-KRN} Rd2 28. Rc6 Nh5 29. Ne4 ({Don't do} 29. Rxa6 $6 Rxc2 30. Ra2 Nf4 $16) 29... Rd1+ 30. Kh2 Rb1 31. Rxa6 {[%emt 0:00:24] Black must now prevent c4.} Rxb2 32. Rc6 h6 33. Rc4 {[%emt 0:01:33] [#] Strongly threatening g4.} f5 34. Nc5 Kf7 35. Nd3 Rb1 36. b4 g5 37. Rd4 Ke6 38. c4 Nf6 39. f3 {[%emt 0:02:09] Inhibits Ne4.} h5 40. b5 h4 41. g4 {[%emt 1:03:01] Prevents Nh5.} hxg3+ 42. Kxg3 Nh5+ 43. Kf2 f4 (43... Nf6 $142 44. h4 g4) 44. Rd5 Kf6 45. h4 Ra1 46. hxg5+ Kg6 47. b6 {[%emt 0:00:00] White mates.} Ra2+ 48. Ke1 Ra1+ 49. Kd2 Rb1 50. Rb5 {[%emt 0:00:00] Weighted Error Value: White=0.12 (very precise) /Black=0.44} 1-0

[Event "67th Mexican-ch Open 2022"]
[Site "Chihuahua"]
[Date "2022.04.16"]
[Round "6.27"]
[White "Real Pereyra, Diana Carime"]
[Black "Flores Rodriguez, Astrid Aphril"]
[Result "1/2-1/2"]
[ECO "B43"]
[WhiteElo "2049"]
[BlackElo "1662"]
[Annotator "TA"]
[PlyCount "82"]
[EventDate "2022.04.12"]
[EventType "swiss"]
[EventCountry "MEX"]
[SourceTitle "playchess.com"]
[Source "ChessBase"]
[SourceQuality "1"]
[TimeControl "5400+30"]

1. e4 c5 2. Nc3 e6 3. Nf3 a6 4. d4 cxd4 5. Nxd4 Qc7 6. Nb3 {[%emt 0:00:26] B43: Sicilian: Kan Variation: 5 Nc3.} Nf6 7. Bd3 b5 8. O-O {[%emt 0:01:35] The position is equal.} Bb7 9. Qe2 d6 10. f4 Nbd7 11. Bd2 Be7 12. Rae1 (12. a4 $5 ) 12... e5 13. f5 (13. a3 $11) 13... O-O {[%emt 0:05:06] [#]} 14. Qf3 $146 (14. a3 $15) ({Predecessor:} 14. Kh1 Rfd8 15. Nd5 Bxd5 16. Ba5 Nb6 17. exd5 Qb7 18. Bxb6 Qxb6 19. Qf3 h6 20. c3 {0-1 (48) Danaci,E (1705)-Karaoglan,D (2130) Konya 2017}) 14... b4 $1 $17 15. Nd1 d5 {[%emt 0:00:59] Inhibits c4.} 16. Nf2 Rfd8 17. exd5 Bxd5 18. Qh3 (18. Qg3 $142) 18... Nc5 (18... a5 $1 $17 {Threatens to win with ...a4.} 19. Be3 e4) 19. Be3 (19. Nxc5 $15 Bxc5 20. Bg5) 19... Nxd3 20. cxd3 Qc2 ({Black should play} 20... a5 21. Rc1 Qb8) 21. Bb6 (21. Rb1 $17) 21... Rd7 ({Stronger than} 21... Qxb2 22. Bxd8 Bxd8 23. d4 exd4 24. Nc1 $17) ({Better is} 21... Rdb8 $19 22. Rxe5 Rxb6 23. Rxe7 Qxb2) 22. Rxe5 Bxb3 23. axb3 Qxb2 24. Rfe1 Rc8 25. g4 {[%emt 0:06:32] [#]} (25. d4 $17 {was worth a try.}) 25... Bd6 (25... h6 $1 $19 {has better winning chances. Hoping for ...Bd6.} 26. d4 (26. Rxe7 Rxe7 27. Rxe7 Nd5 $17) 26... Bd6) 26. R5e2 {[%emt 0:00:39] [#]} Qc3 (26... Qxb3 $2 27. g5 Re7 28. gxf6 (28. Rxe7 Bxe7 29. Bd4 Bc5 $18) 28... Rxe2 29. Rxe2 $18) (26... Rc2 $1 $17 27. Rxc2 Qxc2) 27. g5 $11 Nd5 28. g6 h6 29. Re8+ $2 (29. Be3 $15) 29... Rxe8 $19 30. Rxe8+ Bf8 31. Bd8 $2 (31. Be3 {was the crucial defense.} Re7 32. gxf7+ Rxf7 33. Qf3) 31... Qc1+ 32. Qf1 Qc8 33. gxf7+ Kxf7 34. Qe2 (34. Qe1 Nf4 35. Rxf8+ Kxf8 36. Qxb4+ Kg8 37. Qxf4 Qxd8 38. Qc4+ Kh7 39. Qg4) 34... Qc1+ 35. Nd1 Bc5+ 36. d4 Bxd4+ 37. Kh1 Nf4 38. Re7+ Kf8 39. Re8+ Kf7 40. Re7+ Kg8 (40... Rxe7 $142 41. Qxe7+ Kg8 42. Qe8+ Kh7 43. Qg6+ Nxg6 44. fxg6+ Kxg6 45. h4 Qxd1+ 46. Kh2 Qe2+ 47. Kh3 Qf1+ 48. Kg4 h5+ 49. Kg3 Be5#) 41. Re8+ Kh7 {[%mdl 32768] Weighted Error Value: White=0.98/Black=0.50. An unexpected result.} 1/2-1/2

[Event "67th Mexican-ch Open 2022"]
[Site "Chihuahua"]
[Date "2022.04.16"]
[Round "7.1"]
[White "Cori, Jorge"]
[Black "Obregon Rivero, Juan Carlos"]
[Result "1/2-1/2"]
[ECO "A36"]
[WhiteElo "2650"]
[BlackElo "2536"]
[Annotator "TA"]
[PlyCount "52"]
[EventDate "2022.04.12"]
[EventType "swiss"]
[EventCountry "MEX"]
[SourceTitle "playchess.com"]
[Source "ChessBase"]
[SourceQuality "1"]
[TimeControl "5400+30"]

1. c4 g6 2. g3 Bg7 3. Bg2 c5 4. Nc3 Nc6 5. Nf3 d6 6. O-O e6 7. a3 Nge7 8. Rb1 O-O 9. b4 {[%emt 0:01:16] The position is equal.} b6 {[%emt 0:14:27] A36: Symmetrical English vs ...g6: 4 Bg2 Bg7.} 10. Bb2 Bb7 {[%emt 0:01:33] [#]} 11. Ba1 $146 ({Predecessor:} 11. d3 Qd7 12. bxc5 dxc5 13. Qd2 Rad8 14. Ne4 e5 15. Ba1 Ba8 16. Nc3 h6 17. Rfd1 {1-0 (34) Belous,V (2532)-Martinez Alcantara,J (2623) Chess.com INT 2020}) 11... Qd7 12. d3 Rad8 13. e3 Ne5 14. Nxe5 Bxe5 15. Qe2 Bxg2 16. Kxg2 Bg7 17. Rfd1 cxb4 18. axb4 d5 19. cxd5 Nxd5 20. Nxd5 Qxd5+ 21. Qf3 Qb5 22. Bxg7 Kxg7 23. d4 Rd7 24. Rdc1 e5 25. dxe5 $1 ({But not} 25. Rc6 exd4 26. Qf6+ Kg8 27. exd4 {[#]} Rxd4 $1 $17) 25... Qxe5 26. Rc6 Re8 {[%emt 0:01:48] An interesting draw.  Weighted Error Value: White=0.03 (flawless) /Black=0.04 (flawless)} 1/2-1/2

[Event "67th Mexican-ch Open 2022"]
[Site "Chihuahua"]
[Date "2022.04.16"]
[Round "7.2"]
[White "Mareco, Sandro"]
[Black "Salinas Herrera, Pablo"]
[Result "1-0"]
[ECO "D52"]
[WhiteElo "2643"]
[BlackElo "2517"]
[Annotator "TA"]
[PlyCount "61"]
[EventDate "2022.04.12"]
[EventType "swiss"]
[EventCountry "MEX"]
[SourceTitle "playchess.com"]
[Source "ChessBase"]
[SourceQuality "1"]
[TimeControl "5400+30"]

1. c4 Nf6 2. Nf3 c6 3. d4 d5 4. Nc3 e6 5. Bg5 Nbd7 6. e3 Qa5 7. Nd2 Bb4 8. Rc1 {[%emt 0:00:09] D52: Queen's Gambit Declined: Cambridge Springs Variation.} Ne4 9. Ndxe4 dxe4 10. Bh4 {[%emt 0:00:03] The position is equal.} Qxa2 11. Qc2 Nb6 $1 12. Be2 {[%emt 0:00:03] aiming for 0-0.} Na4 $1 13. O-O Bxc3 14. bxc3 Nxc3 15. Qxc3 Qxe2 16. Qa3 {[%emt 0:00:04][%csl Gh4][%cal Ra3e7] [#]} c5 $146 {[%emt 0:16:55] Loses the game.} (16... f6 $11 {and Black is okay.}) ({Predecessor:} 16... f6 17. f3 c5 18. Rfe1 Qd3 19. Qxc5 exf3 20. e4 Rf8 21. Qh5+ g6 22. Qb5+ Kf7 {½-½ (33) Basso,P (2551)-Mastrovasilis,A (2523) Thessaloniki 2021}) 17. Qxc5 $18 f6 {[%emt 0:00:06] [#]} 18. h3 $40 {[%emt 0:40:51][%mdl 1152] Against Qg4. White has strong compensation. White wants a kill.} g5 (18... h5 $142 19. Rfe1 Qb2) 19. Bg3 Rf8 20. Qb5+ (20. Bd6 $18 {and the rest is easy.} Rf7 {[#]} 21. Bb8 $1) 20... Kf7 $16 21. Rce1 {[%emt 0:00:06] &Bianco is more active.} Qd3 (21... Qa2 $16 22. f4 a6) 22. f4 $18 exf3 23. Rxf3 {[%emt 0:00:05] Qxg5 is the strong threat.} Kg6 (23... Kg8 $2 24. Bd6 Qg6 25. Bxf8 Kxf8 26. e4 $18) (23... Qg6 24. Bd6 Rd8) 24. Bd6 a6 25. Qb6 Rg8 26. Qc7 f5 27. Be5 {[%emt 0:01:10] White threatens Qe7 and mate.} Qe4 28. Qe7 {[%emt 0:00:40] Qf6+ would kill now.} Kh6 29. Qf7 {[%emt 0:02:35] Threatening mate with h4.} Rg6 30. Bd6 {[%emt 0:00:15] Intending Bf8+ and mate.} g4 31. Bf4+ {[%emt 0:00:22] Weighted Error Value: White=0.19 (very precise) /Black=0.81} (31. Bf8+ $142 Kg5 32. Qe7+ Kh5 33. Qxh7+ Kg5 34. h4+ Kf6 35. Qe7#) 1-0

[Event "67th Mexican-ch Open 2022"]
[Site "Chihuahua"]
[Date "2022.04.16"]
[Round "7.3"]
[White "Fernandez Hernandez, Arturo A."]
[Black "Hernandez Guerrero, Gilberto"]
[Result "1/2-1/2"]
[ECO "A38"]
[WhiteElo "2376"]
[BlackElo "2564"]
[Annotator "TA"]
[PlyCount "55"]
[EventDate "2022.04.12"]
[EventType "swiss"]
[EventCountry "MEX"]
[SourceTitle "playchess.com"]
[Source "ChessBase"]
[SourceQuality "1"]
[TimeControl "5400+30"]

1. d4 Nf6 2. Nf3 g6 3. c4 Bg7 4. g3 O-O 5. Bg2 c5 6. O-O cxd4 7. Nxd4 Nc6 8. Nc3 Qa5 9. Nc2 {[%emt 0:03:01] 9.e3 is a critical line.} d6 10. Nd5 (10. e4 {is interesting.} Bg4 11. f3 Bd7 12. Rf2) 10... Nxd5 {[%emt 0:03:04] A38: Symmetrical English vs ...g6: 4 Bg2 Bg7 5 Nf3 Nf6.} 11. cxd5 {[%emt 0:00:16] [#] Threatens to win with Bd2.} Ne5 12. Bd2 Qb6 {[%emt 0:01:58] The position is equal.} 13. Bc3 Bd7 14. Bd4 Qa6 15. f4 Ng4 16. Bxg7 Kxg7 17. Qd4+ {[%emt 0:00:12] [#]} Nf6 $146 ({Predecessor:} 17... Kg8 18. Bf3 Rfc8 19. Ne3 Nxe3 20. Qxe3 Qb6 21. Qxb6 axb6 22. Rfc1 h5 23. Kf2 Bg4 24. a3 Bxf3 25. Kxf3 {½-½ (39) Dvirnyy,D (2568)-Zvjaginsev,V (2659) Rhodes 2013}) 18. e4 {[%emt 0:01:04] [#] aiming for e5.} Rfc8 19. Ne3 {[%emt 0:07:48][%cal Bc2e3,Be3d1,Bd1c3][%mdl 32] Hoping for e5.} Qb6 20. Qxb6 axb6 21. a3 Rc5 22. Rfc1 Bb5 (22... Ra4 $11 {should be considered.}) 23. Nd1 $14 h5 24. Nc3 Bd7 25. h3 Rac8 26. Kf2 ({White should try} 26. Re1 $14) 26... h4 $11 27. Kg1 (27. g4 $11) 27... g5 $2 (27... hxg3 $17 {And now ...Nh5 would win.} 28. Rf1 Rc4) 28. Rd1 $2 {Weighted Error Value: White=0.24 (precise) /Black=0.30} (28. fxg5 $16 Nh5 29. gxh4) 1/2-1/2

[Event "67th Mexican-ch Open 2022"]
[Site "Chihuahua"]
[Date "2022.04.16"]
[Round "7.4"]
[White "Cordova, Emilio"]
[Black "Gonzalez Zamora, Juan Carlos"]
[Result "1/2-1/2"]
[ECO "A11"]
[WhiteElo "2534"]
[BlackElo "2544"]
[Annotator "TA"]
[PlyCount "60"]
[EventDate "2022.04.12"]
[EventType "swiss"]
[EventCountry "MEX"]
[SourceTitle "playchess.com"]
[Source "ChessBase"]
[SourceQuality "1"]
[TimeControl "5400+30"]

1. Nf3 d5 2. g3 c6 3. Bg2 Nf6 4. c4 dxc4 5. O-O Nbd7 6. Na3 Nb6 7. Qc2 Be6 {[%emt 0:03:34][%cal Bc8e6,Be6g4,Bg4e2,Be2h5,Bh5f7][%mdl 32] A11: English Opening: 1...c6.} 8. Ng5 Bg4 9. Nxc4 Bxe2 10. Ne5 Bh5 11. Re1 h6 12. Ngxf7 Bxf7 13. b4 $1 a6 14. a4 g5 {[%emt 0:07:49] Hoping for ...Bg7.} 15. Rb1 {[%emt 0:05:18] [#] Strongly threatening b5.} Bg7 $146 ({Predecessor:} 15... Rg8 16. b5 cxb5 17. Bxb7 Bd5 18. Bc6+ Bxc6 19. Qxc6+ Nbd7 20. d4 Qc8 21. Qf3 Rg7 {1-0 (38) Braun,A (2455)-Podvoysky,E (2331) LSS email 2015}) 16. b5 $1 {[%emt 0:00:41] The position is equal.} axb5 17. axb5 Ra2 18. Nxf7 Rxc2 19. Nxd8 Kxd8 20. bxc6 Nfd5 21. cxb7 Kc7 22. Rb5 $132 {[%emt 0:02:23][%mdl 2048] White puts up resistance} Rd8 23. Ba3 Bd4 24. Bxd5 {[%emt 0:02:37][%mdl 64] [#] Remove Defender. Chess con chili.} ({Reject} 24. Bxe7 Nxe7 25. Rxe7+ Kb8 $17) 24... Rxd5 25. Rxe7+ ({Don't blunder} 25. Rxb6 $2 Bxb6 26. Rxe7+ Kb8 $19) 25... Kb8 26. Rxd5 {[%emt 0:01:19][%mdl 64] Remove Defender} Nxd5 27. Rd7 {[%emt 0:00:09] [#] Bd6+ is the strong threat.} Bc5 28. Bxc5 Rxc5 29. Rd6 h5 30. Rh6 h4 {[%emt 0:00:21] A balanced but interesting game.  Weighted Error Value: White=0.03 (flawless) /Black=0.02 (flawless)} 1/2-1/2